 Dungeon Crawl Stone Soup version 0.22-a0-605-g9281fa2 (webtiles) character file.

17722 Amnesiac the Nimble (level 12, -3/66 HPs)
             Began as a Spriggan Transmuter on July 8, 2018.
             Was a High Priest of Okawaru.
             Slain by an ogre
             ... wielding a +0 giant club
              (25 damage)
             ... on level 12 of the Dungeon.
             The game lasted 00:36:18 (18228 turns).

Amnesiac the Nimble (Spriggan Transmuter)          Turns: 18228, Time: 00:36:19

Health: -3/66      AC:  8    Str: 11    XL:     12   Next: 21%
Magic:  35/35      EV: 28    Int: 19    God:    Okawaru [*****.]
Gold:   769        SH:  0    Dex: 19    Spells: 26/29 levels left

rFire    . . .     SeeInvis +   a - +2 dagger (venom)
rCold    . . .     Gourm    .   (shield restricted)
rNeg     . . .     Faith    .   I - +0 troll leather armour
rPois    .         Spirit   .   (helmet restricted)
rElec    .         Reflect  .   N - +1 cloak
rCorr    .         Harm     .   (gloves unavailable)
MR       ++...                  (boots unavailable)
Stlth    ++........             (no amulet)
HPRegen  0.61/turn              G - ring of magical power
MPRegen  0.24/turn              C - +5 ring of strength

@: very quick
A: very small, unfitting armour, talons 1, thin metallic scales 1, thin skeletal
structure 1, see invisible, herbivore, speed 3, slow metabolism 2
a: Heroism, Finesse, Renounce Religion


You were on level 12 of the Dungeon.
You worshipped Okawaru.
Okawaru was extremely pleased with you.
You were full.

You visited 2 branches of the dungeon, and saw 14 of its levels.

You collected 769 gold pieces.

Inventory:

Hand Weapons
 a - a +2 dagger of venom (weapon)
 b - a +0 shortbow
 f - a +0 dagger of freezing
 v - a +0 hunting sling of flaming
Missiles
 m - 10 arrows
 n - 100 stones (quivered)
 J - 45 sling bullets
Armour
 u - a +0 buckler
 I - a +0 troll leather armour (worn)
 N - a +1 cloak (worn)
Jewellery
 A - an uncursed ring of stealth
 C - a +5 ring of strength (right hand)
 D - an uncursed ring of fire
 G - a ring of magical power (left hand)
Wands
 t - a wand of flame (13)
 y - a wand of random effects (10)
Scrolls
 c - a scroll of teleportation {!r}
 h - 11 scrolls of remove curse {!r}
 s - 5 scrolls of amnesia {!r}
 x - 4 scrolls of enchant armour {!r}
 E - 2 scrolls of fog {!r}
 F - 4 scrolls of magic mapping {!r}
 H - 2 scrolls of fear {!r}
 K - 3 scrolls of blinking {!r}
 M - a scroll of enchant weapon {!r}
Potions
 e - a potion of resistance {!q}
 g - 2 potions of haste {!q}
 i - a potion of agility {!q}
 j - 4 potions of curing {!q}
 k - 2 potions of cancellation {!q, unknown}
 l - a potion of might {!q}
 o - a potion of invisibility {!q}
 p - a potion of flight {!q}
 q - 3 potions of mutation {!q}
 w - 2 potions of berserk rage {!q, unknown}
 z - 2 potions of heal wounds {!q}
 B - a potion of lignification {!q}
 L - 2 potions of ambrosia {!q}
Miscellaneous
 r - a lightning rod (4/4)
Comestibles
 d - 9 rations


   Skills:
 - Level 9.0 Fighting
 - Level 8.0 Bows
 - Level 12.0 Dodging
 - Level 3.0 Unarmed Combat
 - Level 9.0 Spellcasting
 - Level 9.0 Transmutations
 * Level 7.7 Invocations
 + Level 7.0 Evocations


You had 26 spell levels left.
You knew the following spells:

 Your Spells              Type           Power        Failure   Level  Hunger
a - Summon Butterflies    Summ           #.......     11%         1    None
b - Sticks to Snakes      Tmut           #####...     1%          2    None

Your spell library contained the following spells:

 Spells                   Type           Power        Failure   Level  Hunger
 Magic Dart               Conj           #...         11%         1    None
 Confuse                  Hex            #.......     32%         3    None
 Iskenderun's Mystic Bla  Conj           #.......     71%         4    ###....
 Summon Ice Beast         Ice/Summ       #.......     71%         4    ###....
 Tukima's Dance           Hex            #.......     32%         3    None
 Spider Form              Tmut/Pois      ####......   4%          3    None
 Blade Hands              Tmut           #####.....   8%          5    #####..
 Ice Form                 Ice/Tmut       ####....     17%         4    ###....
 Call Canine Familiar     Summ           #.......     32%         3    None
 Ensorcelled Hibernation  Hex/Ice        #.....       16%         2    None
 Corona                   Hex            #......      11%         1    None
 Summon Hydra             Summ           #.........   100%        7    #######
 Beastly Appendage        Tmut           #####.       1%          1    None
 Fulminant Prism          Conj/Hex       #.........   71%         4    ###....
 Dazzling Spray           Conj/Hex       #.....       32%         3    None
 Force Lance              Conj/Tloc      #.......     71%         4    ###....
 Searing Ray              Conj           #.....       16%         2    None
 Summon Mana Viper        Hex/Summ       #.......     96%         5    #####..


Dungeon Overview and Level Annotations

Branches:
Dungeon (13/15)            Temple (0/1) D:7            Lair (0/6) D:11
    Orc (1/2) D:12
 Vaults: D:13-14

Altars:
Gozag
Hepliaklqana
Makhleb
Okawaru
Yredelemnul

Annotations:
D:9 Goblin1989's ghost, novice DsCK
D:11 3 runed doors, Hebeh's ghost, journeyman MiFi


Innate Abilities, Weirdness & Mutations

You are very small and have problems with some larger weapons.
You are too small for most types of armour.
You have supernaturally acute eyesight. (SInv)
You are a herbivore.
You cover ground extremely quickly.
You need to consume almost no food.
You have sharp toenails.
You are partially covered in thin metallic scales. (AC +2)
You have a somewhat thin skeletal structure. (Dex +2, Stealth)


Message History

An orc sorcerer comes into view. It is wielding a dagger.
The ogre completely misses you.
There is a staircase back to the Dungeon here.
The orc completely misses you.
The orc sorcerer's eyes start to glow.
The orc priest calls down the wrath of Beogh upon you.
Beogh smites you!
The orc priest calls down the wrath of Beogh upon you.
Beogh smites you!
* * * LOW HITPOINT WARNING * * *
The orc priest completely misses you.
You climb upwards.
Welcome back to the Dungeon!
There is a staircase to the Orcish Mines here.
Things that are here:
a leather armour; a club You hit the orc priest but do no damage.
You claw the orc priest.
The orc priest is lightly wounded.
The ogre completely misses you. The orc completely misses you.
The orc priest completely misses you.
You barely miss the orc priest.
The orc priest is lightly wounded.
The ogre hits you with a giant club.
* * * LOW HITPOINT WARNING * * *
The orc closely misses you. The orc priest completely misses you.
There is an open door here.
You swing at nothing.
You swing at nothing.
You hit the orc.
The orc is poisoned.
The orc is moderately wounded.
You closely miss the orc priest. You claw the orc priest.
The orc priest is moderately wounded.
The orc misses you. The orc priest completely misses you.
You closely miss the orc priest.
The orc priest is moderately wounded.
The orc completely misses you. The orc priest misses you.
You hit the orc priest but do no damage.
The orc priest is moderately wounded.
The orc closely misses you.
The orc priest begins to cast a cantrip, but forgets the words!
You closely miss the orc priest.
The orc priest is moderately wounded.
The orc completely misses you. The orc priest misses you.
You hit the orc priest.
The orc priest is poisoned.
You claw the orc priest, but do no damage.
The orc priest is heavily wounded.
You kill the orc!
The orc priest closely misses you.
You hit the orc priest.
The orc priest looks as sick as possible!
The orc priest is heavily wounded.
The orc priest misses you.
You hit the orc priest.
You kill the orc priest!
Okawaru accepts your kill.
Your Evocations skill increases to level 7!
You hit the ogre.
The ogre is poisoned.
You claw the ogre.
The ogre is moderately wounded.
The ogre hits you with a giant club!!
* * * LOW HITPOINT WARNING * * *
You hit the ogre. You claw the ogre, but do no damage.
The ogre is heavily wounded.
The ogre hits you with a giant club!!
You die...

#..###.## ##.##.#
###...#...#####.....#
.....['.8)).....8.###
####.##...#####...#
#.#####)###'#.##
####.## ##...##.#
......# #.Oo##.#
#####.# ##..o##.#
#.####'###'#@##
#.#...#####O).#
#...8.......8.#
#.#...#####...#
#.##########'##
#............#
##############


You could see an ogre.

Vanquished Creatures
  Josephine (D:12)
  Erica (D:10)
  4 two-headed ogres
  An unseen horror (D:10)
  An ugly thing (D:10)
  A cyclops (D:6)
  A deep elf mage (D:12)
  Psyche (D:10)
  A tengu conjurer (D:12)
  A troll (D:8)
  3 hippogriffs
  4 slime creatures
  5 wraiths (D:12)
  3 wyverns
  13 yaks
  2 hungry ghosts (D:10)
  Grum (D:11)
  3 porcupines (D:11)
  5 orc warriors
  3 water moccasins
  An eye of draining (D:10)
  2 ice beasts
  2 sky beasts
  5 ogres
  A black bear (D:7)
  3 phantoms
  2 wolves (D:11)
  3 crocodiles (D:11)
  7 centaurs
  A big kobold (D:10)
  8 bullfrogs
  A gnoll sergeant (D:9)
  A water moccasin zombie (D:7)
  5 scorpions
  6 killer bees (D:9)
  8 wights
  2 howler monkeys
  3 crimson imps
  2 centaur zombies
  10 orc priests
  A bullfrog zombie (D:5)
  5 hounds
  2 jellies
  Crazy Yiuf (D:3)
  A centaur skeleton (D:5)
  8 orc wizards
  Ijyb (D:3)
  6 worker ants
  A hound zombie (D:6)
  A hound skeleton (D:5)
  Robin (D:4)
  A worker ant zombie (D:8)
  18 gnolls
  9 adders
  2 shadow imps
  3 oozes
  2 adder zombies
  3 adder skeletons
  2 worms (D:4)
  3 dart slugs
  4 leopard geckos
  62 orcs
  4 bats
  4 giant cockroaches
  17 goblins
  9 hobgoblins
  8 jackals
  6 kobolds
  7 quokkas
  3 ball pythons
  6 frilled lizards
  A giant cockroach zombie (D:5)
  A jackal zombie (D:6)
  2 quokka skeletons
  A quokka zombie (D:6)
  5 rats
339 creatures vanquished.

Vanquished Creatures (collateral kills)
  A sky beast (D:9)
  An ogre (D:9)
  A centaur (D:5)
  A crimson imp (D:9)
  A hound (D:7)
  6 adders
  A rat (D:3)
12 creatures vanquished.

Vanquished Creatures (others)
  3 bushes (D:11)
  3 fungi (D:11)
  22 plants (D:11)
28 creatures vanquished.

Grand Total: 379 creatures vanquished

Notes
Turn   | Place    | Note
-------+----------+-------------------------------------------
     0 | D:1      | Amnesiac the Spriggan Transmuter began the quest for the Orb.
     0 | D:1      | Reached XP level 1. HP: 9/9 MP: 5/5
   175 | D:1      | Reached skill level 1 in Fighting
   233 | D:1      | Reached XP level 2. HP: 14/14 MP: 4/6
   237 | D:1      | Learned a level 2 spell: Sticks to Snakes
  1251 | D:2      | Reached skill level 4 in Dodging
  1337 | D:2      | Reached XP level 3. HP: 16/18 MP: 4/8
  2493 | D:2      | Reached XP level 4. HP: 22/22 MP: 6/10
  2926 | D:2      | Reached skill level 5 in Dodging
  3027 | D:3      | Noticed Ijyb
  3078 | D:3      | Killed Ijyb
  3078 | D:3      | Reached skill level 6 in Dodging
  3078 | D:3      | Reached XP level 5. HP: 21/25 MP: 10/12
  3533 | D:3      | Found a runed door.
  3846 | D:3      | Noticed Crazy Yiuf
  3911 | D:3      | Killed Crazy Yiuf
  4210 | D:4      | Reached skill level 7 in Dodging
  4315 | D:4      | Reached XP level 6. HP: 16/30 MP: 10/14
  4477 | D:4      | Found a basalt altar of Yredelemnul.
  4503 | D:4      | Noticed Robin
  4548 | D:4      | Killed Robin
  5078 | D:5      | Entered Level 5 of the Dungeon
  5104 | D:5      | Found a hazy altar of Hepliaklqana.
  5290 | D:5      | Found an opulent altar of Gozag.
  5422 | D:5      | Gained mutation: You have a somewhat thin skeletal structure. (Dex +2, Stealth) [potion of mutation]
  5422 | D:5      | Gained mutation: You are partially covered in thin metallic scales. (AC +2) [potion of mutation]
  5422 | D:5      | Gained mutation: You have sharp toenails. [potion of mutation]
  5430 | D:5      | Reached skill level 5 in Spellcasting
  5574 | D:5      | Reached skill level 8 in Dodging
  5607 | D:5      | Found an opulent altar of Gozag.
  5855 | D:5      | Reached XP level 7. HP: 25/33 MP: 14/16
  5975 | D:5      | Reached skill level 9 in Dodging
  6426 | D:5      | Found a burning altar of Makhleb.
  6721 | D:6      | Reached skill level 10 in Dodging
  7001 | D:6      | Reached skill level 11 in Dodging
  7176 | D:6      | Reached XP level 8. HP: 31/37 MP: 15/18
  7711 | D:6      | Reached skill level 12 in Dodging
  7907 | D:6      | Found an iron altar of Okawaru.
  8258 | D:6      | Became a worshipper of Warmaster Okawaru
  8609 | D:7      | Noticed a hippogriff
  8623 | D:7      | Killed a hippogriff
  8749 | D:7      | Noticed a cyclops
  8868 | D:6      | Killed a cyclops
  8868 | D:6      | Reached * piety under Okawaru
  8868 | D:6      | Reached skill level 5 in Fighting
  8868 | D:6      | Reached XP level 9. HP: 48/48 MP: 19/19
  9395 | D:7      | Noticed a two-headed ogre
  9441 | D:7      | Killed a two-headed ogre
  9441 | D:7      | Reached ** piety under Okawaru
  9654 | D:7      | Found a staircase to the Ecumenical Temple.
  9745 | D:7      | You fall through a shaft!
  9758 | D:8      | Noticed a troll
  9797 | D:8      | Killed a troll
 10345 | D:8      | Reached *** piety under Okawaru
 10345 | D:8      | Reached XP level 10. HP: 56/57 MP: 20/20
 11143 | D:9      | Reached skill level 5 in Bows
 11401 | D:9      | Reached **** piety under Okawaru
 11485 | D:9      | Received a gift from Okawaru
 11967 | D:10     | Entered Level 10 of the Dungeon
 11967 | D:10     | Noticed Erica
 11999 | D:10     | Killed Erica
 11999 | D:10     | Reached skill level 5 in Transmutations
 12178 | D:10     | Noticed a two-headed ogre
 12281 | D:9      | Killed a two-headed ogre
 12281 | D:9      | Reached ***** piety under Okawaru
 12708 | D:10     | Noticed Psyche
 12744 | D:10     | Killed Psyche
 12744 | D:10     | Reached skill level 1 in Invocations
 12744 | D:10     | Reached skill level 1 in Evocations
 12941 | D:10     | Reached XP level 11. HP: 40/62 MP: 21/21
 13213 | D:10     | Noticed an unseen horror
 13229 | D:10     | Killed an unseen horror
 13413 | D:10     | Received a gift from Okawaru
 13688 | D:10     | Found a runed gate.
 13700 | D:10     | Noticed Goblin1989's ghost (novice DsCK)
 13704 | D:10     | Found a runed gate.
 13704 | D:10     | Found a runed gate.
 14103 | D:11     | Noticed a white ugly thing
 14276 | D:10     | Killed a white ugly thing
 14276 | D:10     | Received a gift from Okawaru
 14390 | D:11     | Noticed Grum
 14435 | D:11     | Killed Grum
 14591 | D:11     | Noticed a two-headed ogre
 14606 | D:11     | Killed a two-headed ogre
 14698 | D:11     | Noticed a minotaur
 14701 | D:11     | Noticed Hebeh's ghost (journeyman MiFi)
 14799 | D:11     | Reached skill level 5 in Invocations
 15136 | D:11     | Reached skill level 5 in Evocations
 15275 | D:11     | Found a staircase to the Lair.
 15353 | D:11     | Received a gift from Okawaru
 15664 | D:11     | Found a runed gate.
 15664 | D:11     | Found a runed gate.
 15664 | D:11     | Found a runed gate.
 16097 | D:12     | Noticed Josephine
 16280 | D:12     | Killed Josephine
 16658 | D:12     | Reached XP level 12. HP: 51/66 MP: 25/25
 16661 | D:12     | Learned a level 1 spell: Summon Butterflies
 17071 | D:12     | Found a staircase to the Orcish Mines.
 17885 | Orc:1    | Entered Level 1 of the Orcish Mines
 18011 | D:13     | Noticed a two-headed ogre
 18054 | D:13     | Killed a two-headed ogre
 18228 | D:12     | Slain by an ogre

Vault maps used:
D:1:      dpeg_arrival_arbitrary_c
D:2:      serial_forest, infiniplex_forest_corner_1,
          infiniplex_forest_lined_room_2, infiniplex_forest_straight_5,
          infiniplex_forest_corner_1, infiniplex_forest_lined_2
D:3:      hangedman_glass_teeth, patterned_corridor, uniq_crazy_yiuf_cottage,
          uniq_ijyb
D:4:      nicolae_overflow_crystal_walls, uniq_robin
D:5:      kennysheep_big_flooded_room, grunt_gozag_breadcrumbs,
          lemuel_crystal_altar, marbit_many_paths, first_ration,
          minmay_misc_feat_diagonals, grunt_ministairs_2, lemuel_tele_altar
D:6:      basic_altar
D:7:      cheibrodos_barr_body, minmay_temple_entry_from_below_a
D:10:     ebering_ghost_rock_garden, uniq_psyche, uniq_erica
D:11:     minmay_lair_entry_grove, maelrawn_ghost_labyrinth_escape, uniq_grum
D:12:     hiddenorc2_lemuel, grunt_tengu_nest, minivault_1, uniq_josephine
D:13:     david_vaults_2, uniq_nessos
Orc:1:    gammafunk_beogh_shrine, ebering_ghost_rock_garden, trog_butcher_becter

Skill      XL: |  1  2  3  4  5  6  7  8  9 10 11 12 |
---------------+-------------------------------------+-----
Fighting       | 1 5 8 9 |  9.0
Transmutations | 3 7 9 |  9.0
Spellcasting   | 3 4 5 6 8 9 |  9.0
Dodging        | 4 6 7 8 11 12 | 12.0
Unarmed Combat | 3 |  3.0
Bows           | 2 8 |  8.0
Invocations    | 1 6 7 |  7.7
Evocations     | 1 6 7 |  7.0

Action                   |  1- 3 |  4- 6 |  7- 9 | 10-12 || total
-------------------------+-------+-------+-------+-------++-------
Melee: Unarmed           |   133 |   105 |       |       ||   238
       Kick              |     7 |    16 |       |    80 ||   103
       Headbutt          |    15 |     1 |       |       ||    16
       Dagger            |    16 |       |       |   216 ||   232
       Punch             |     1 |     3 |       |     1 ||     5
 Fire: Hunting sling     |    19 |   281 |   615 |   591 ||  1506
       Shortbow          |       |       |       |   928 ||   928
Throw: Stone             |       |       |       |    17 ||    17
 Cast: Beastly Appendage |    29 |    19 |       |       ||    48
       Sticks to Snakes  |     3 |     6 |    23 |    21 ||    53
Invok: Heroism           |       |       |       |     9 ||     9
       Finesse           |       |       |       |     3 ||     3
Evoke: Wand              |       |     4 |    18 |    33 ||    55
  Use: Potion            |       |     3 |       |     5 ||     8
       Scroll            |       |    10 |     1 |     8 ||    19
 Stab: Sleeping          |     1 |     2 |       |     2 ||     5
       Confused          |       |     6 |       |     2 ||     8
       Paralysed         |       |       |       |     1 ||     1
  Eat: Ration            |       |     4 |       |     6 ||    10
Armor: Robe              |    17 |    18 |    16 |       ||    51
       Troll leather arm |       |       |     3 |    76 ||    79
       Skin              |       |       |       |     6 ||     6
Dodge: Dodged            |   135 |   221 |   370 |  1125 ||  1851

Table legend:
 A = Spawn XP
 B = Non-spawn XP
 C = Spawn XP percentage of total XP
 D = Spawn monster count
 E = Non-spawn monster count
 F = Spawn count percentage of total count
 G = Total turns spent on level
                    A         B        C        D         E        F      G
               +---------+---------+-------+---------+---------+-------+---------
         Total |       0 |   25318 |   0.0 |       0 |     351 |   0.0 | 18228
               +---------+---------+-------+---------+---------+-------+---------
           D:1 |       0 |      32 |   0.0 |       0 |      17 |   0.0 |  1172
           D:2 |       0 |     162 |   0.0 |       0 |      27 |   0.0 |  1819
           D:3 |       0 |     147 |   0.0 |       0 |      16 |   0.0 |  1007
           D:4 |       0 |     124 |   0.0 |       0 |      24 |   0.0 |  1080
           D:5 |       0 |     532 |   0.0 |       0 |      18 |   0.0 |  1448
           D:6 |       0 |    1560 |   0.0 |       0 |      31 |   0.0 |  1956
           D:7 |       0 |    2070 |   0.0 |       0 |      26 |   0.0 |  1263
           D:8 |       0 |    1204 |   0.0 |       0 |      18 |   0.0 |   910
           D:9 |       0 |    3699 |   0.0 |       0 |      41 |   0.0 |  1490
          D:10 |       0 |    4060 |   0.0 |       0 |      35 |   0.0 |  2185
          D:11 |       0 |    5347 |   0.0 |       0 |      35 |   0.0 |  1675
          D:12 |       0 |    5476 |   0.0 |       0 |      62 |   0.0 |  2118
          D:13 |       0 |     905 |   0.0 |       0 |       1 |   0.0 |    96
               +---------+---------+-------+---------+---------+-------+---------
